 Dungeon Crawl Stone Soup version 0.26.1-11-gd32895ea62 (webtiles) character file.

Game seed: 136359169529978734

42 Almogavar the Covered (level 3, 0/31 HPs)
             Began as a Gnoll Wanderer on July 8, 2021.
             Slain by a goblin
             ... wielding a +0 dagger
             ... led by Robin
              (2 damage)
             ... on level 2 of the Dungeon.
             The game lasted 00:03:38 (1321 turns).

Almogavar the Covered (Gnoll Wanderer)              Turns: 1321, Time: 00:03:39

Health: 0/31       AC:  2    Str: 15    XL:     3   Next: 56%
Magic:  4/4        EV: 12    Int: 17    God:
Gold:   52         SH:  0    Dex: 17    Spells: 3/3 levels left

rFire    . . .     SeeInvis .   a - +2 short sword
rCold    . . .     Faith    .   (no shield)
rNeg     . . .     Spirit   .   e - +0 robe
rPois    .         Reflect  .   (no helmet)
rElec    .         Harm     .   (no cloak)
rCorr    .         Rampage  .   (no gloves)
Will     .....                  (no boots)
Stlth    ++........             (no amulet)
HPRegen  0.10/turn              h - +6 ring of intelligence
MPRegen  0.09/turn              (no ring)

@: no status effects
A: distributed training, fangs 1, strong nose
a: no special abilities


You were on level 2 of the Dungeon.
You visited 1 branch of the dungeon, and saw 2 of its levels.

You collected 52 gold pieces.

Inventory:

Hand Weapons
 a - a +2 short sword (weapon)
 b - a +0 spear
 d - a +0 dagger
Missiles
 c - 11 poisoned darts (quivered)
 f - 39 stones
Armour
 e - a +0 robe (worn)
 l - a +0 scale mail
 o - a +0 ring mail
Jewellery
 h - a +6 ring of intelligence (left hand)
Scrolls
 g - a scroll of blinking {unknown}
 j - 2 scrolls of enchant armour {unknown}
 k - a scroll of identify {unknown}
Potions
 m - a potion of lignification {unknown}


   Skills:
 + Level 4.5 Fighting
 + Level 4.5 Short Blades
 + Level 0.8 Long Blades
 + Level 0.8 Axes
 + Level 0.8 Maces & Flails
 + Level 0.8 Polearms
 + Level 0.8 Staves
 + Level 0.8 Slings
 + Level 0.8 Bows
 + Level 0.8 Crossbows
 + Level 2.6 Throwing
 + Level 6.5 Armour
 + Level 0.8 Dodging
 + Level 2.4 Stealth
 + Level 0.8 Shields
 + Level 0.8 Unarmed Combat
 + Level 0.8 Spellcasting
 + Level 0.5 Conjurations
 + Level 0.5 Hexes
 + Level 0.5 Summonings
 + Level 0.5 Necromancy
 + Level 0.5 Translocations
 + Level 0.5 Transmutations
 + Level 0.5 Fire Magic
 + Level 0.5 Ice Magic
 + Level 0.5 Air Magic
 + Level 0.5 Earth Magic
 + Level 0.5 Poison Magic
 + Level 1.0 Invocations
 + Level 2.6 Evocations


You had 3 spell levels left.
You didn't know any spells.
Your spell library was empty.

Dungeon Overview and Level Annotations

Branches:
Dungeon (2/15)

Altars:


Innate Abilities, Weirdness & Mutations

Your experience applies equally to all skills.
You have very sharp teeth.
Your uncanny sense of smell can sniff out nearby items.


Message History

The goblin closely misses you. The goblin hits you but does no damage.
You closely miss Robin.
Robin is moderately wounded.
The goblin completely misses you. Robin closely misses you.
The goblin hits you with a +0 dagger. The goblin hits you with a +0 club.
You hit Robin. Your bite misses Robin.
Robin is severely wounded.
The goblin closely misses you. x2; Robin throws the goblin at you!
* * * LOW HITPOINT WARNING * * *
You hit Robin. You bite Robin.
Robin is almost dead.
The goblin hits you but does no damage. The goblin hits you with a +0 club.
* * * LOW HITPOINT WARNING * * *
The goblin closely misses you. The goblin hits you with a +0 dagger.
* * * LOW HITPOINT WARNING * * *
The goblin closely misses you.
You hit Robin.
You kill Robin!
The goblin hits you with a +0 dagger.
You die...

####..#..# ##........#
##.<)......### ....
#..†)........# ....
#.........##.## #...
#....÷....##..# .[.
#..........##.###.#
#.......g.g.#.##..###.#
##......)@g.........w..
#......ggg#...#..####.
#........g###.#..# #.
#.........#
#.#..####...
#........)#
#...†.......
#.........#
####g.......
##......)...# #........
##.........##..g.g.....
###........#.#.g......


You could see a hobgoblin (strong) and 6 goblins.

Vanquished Creatures
  Robin (D:2)
  3 dart slugs
  A leopard gecko (D:1)
  3 ball pythons
  5 goblins
  7 hobgoblins
  4 kobolds
  4 bats
  2 frilled lizards
  4 rats
34 creatures vanquished.

Notes
Turn   | Place    | Note
-------+----------+-------------------------------------------
     0 | D:1      | Almogavar the Gnoll Wanderer began the quest for the Orb.
     0 | D:1      | Almogavar set off with the following items: a +2 short
                  | sword, a +0 spear, 11 poisoned darts, a +0 dagger, a +0
                  | robe
     0 | D:1      | Reached XP level 1. HP: 20/20 MP: 1/1
   313 | D:1      | Reached XP level 2. HP: 26/26 MP: 2/2
   664 | D:1      | Reached XP level 3. HP: 31/31 MP: 3/3
  1116 | D:2      | Noticed Robin
  1139 | D:2      | Reached skill level 1 in Invocations
  1321 | D:2      | Killed Robin
  1321 | D:2      | Slain by a goblin

Illustrated notes

Levels and vault maps discovered:
D:1:      saegor_arrival_simple_c, layout_basic, minmay_pentomino_x2
D:2:      layout_rooms, uniq_terence, uniq_robin, uniq_jessica

Skill      XL: |  1  2  3 |
---------------+----------+-----
Invocations    | 1 |  1.0
Fighting       | |  4.5
Short Blades   | |  4.5
Long Blades    | |  0.8
Axes           | |  0.8
Maces & Flails | |  0.8
Polearms       | |  0.8
Staves         | |  0.8
Slings         | |  0.8
Bows           | |  0.8
Crossbows      | |  0.8
Throwing       | |  2.6
Armour         | |  6.5
Dodging        | |  0.8
Stealth        | |  2.4
Shields        | |  0.8
Unarmed Combat | |  0.8
Spellcasting   | |  0.8
Conjurations   | |  0.5
Hexes          | |  0.5
Summonings     | |  0.5
Necromancy     | |  0.5
Translocations | |  0.5
Transmutations | |  0.5
Fire Magic     | |  0.5
Ice Magic      | |  0.5
Air Magic      | |  0.5
Earth Magic    | |  0.5
Poison Magic   | |  0.5
Evocations     | |  2.6

Action                   || total
-------------------------++-------
Melee: Short sword       ||    77
       Bite              ||     7
       Dagger            ||     1
  Use: Scroll            ||     1
       Potion            ||     1
 Stab: Sleeping          ||     7
       Distracted        ||     1
Armor: Robe              ||     7
Dodge: Dodged            ||    49
